 Dungeon Crawl Stone Soup version 0.22.1-6-g1668fe2c40 (webtiles) character file.

3013023 Ihlosi the Archmage (level 27, 98/172 HPs)
             Began as a Kobold Fire Elementalist on Jan 22, 2019.
             Was the Champion of Vehumet.
             Escaped with the Orb
             ... and 6 runes on Jan 26, 2019!
             The game lasted 12:40:04 (123172 turns).

Ihlosi the Archmage (Kobold Fire Elementalist)    Turns: 123172, Time: 12:40:04

Health: 98/172     AC: 23    Str: 14    XL:     27
Magic:  53/54      EV: 30    Int: 33    God:    Vehumet [******]
Gold:   8111       SH: 17    Dex: 19    Spells: 15/80 levels left

rFire    + . .     SeeInvis +   c - +9 eudemon blade (holy)
rCold    + . .     Gourm    .   g - +3 buckler {reflect}
rNeg     + . .     Faith    .   F - +4 ring mail "Agging" {rC+ rN+ SInv}
rPois    +         Spirit   .   W - +2 helmet {Int+3}
rElec    +         Reflect  +   O - +2 cloak
rCorr    .         Harm     .   K - +1 pair of gloves of Follow the Leader {rElec Dex+3}
MR       ++...                  e - +0 pair of boots of Ebi Wuob {Str+2 Stlth+}
Stlth    ++........             S - +5 amulet of reflection
HPRegen  0.38/turn              M - ring of Music {Fire Int+4}
MPRegen  0.34/turn              y - ring of Biloasic {rElec rC+ Str+2 Int+2 Stlth-}

@: no status effects
A: small, repulsion field 1, carnivore, poison resistance, robust 1, MP-powered
wands, sturdy frame 1
0: Orb of Zot
}: 6/15 runes: serpentine, barnacled, slimy, silver, icy, demonic
a: Renounce Religion


You escaped.
You worshipped Vehumet.
Vehumet was exalted by your worship.
You were full.

You visited 15 branches of the dungeon, and saw 68 of its levels.
You visited Pandemonium 1 time, and saw 6 of its levels.
You visited the Abyss 4 times.
You also visited: Labyrinth, Trove, Ossuary, Bailey and Ice Cave.

You collected 10419 gold pieces.
You spent 2308 gold pieces at shops.

Inventory:

Hand Weapons
 a - the +12 short sword "Feiczir" {speed, rF+}
   (You found it in a treasure trove)

   Attacks with this weapon are significantly faster.
   It protects you from fire.
 b - the +6 short sword of Venn {speed, rC+ Int+2 SInv}
   (You found it on level 4 of the Lair of Beasts)

   Attacks with this weapon are significantly faster.
   It affects your intelligence (+2).
   It protects you from cold.
   It lets you see invisible.
 c - a +9 eudemon blade of holy wrath (weapon)
Missiles
 C - 25 throwing nets (quivered)
Armour
 e - the +0 pair of boots of Ebi Wuob (worn) {Str+2 Stlth+}
   (You acquired it on level 1 of the Crypt)

   It affects your strength (+2).
   It makes you more stealthy.
 g - a +3 buckler of reflection (worn)
 F - the +4 ring mail "Agging" (worn) {rC+ rN+ SInv}
   (You found it on level 3 of the Elven Halls)

   It protects you from cold.
   It protects you from negative energy.
   It lets you see invisible.
 K - the +1 pair of gloves of Follow the Leader (worn) {rElec Dex+3}
   (You found it on level 8 of the Dungeon)

   It affects your dexterity (+3).
   It insulates you from electricity.
 O - a +2 cloak (worn)
 W - a +2 helmet of intelligence (worn)
Jewellery
 x - the ring of Sejab {rN++ Str+4 Stlth-}
   (You found it on level 5 of the Vaults)

   [ring of attention]

   It affects your strength (+4).
   It greatly protects you from negative energy.
   It makes you less stealthy.
 y - the ring of Biloasic (right hand) {rElec rC+ Str+2 Int+2 Stlth-}
   (You bought it in a shop on level 6 of the Dungeon)

   [ring of attention]

   It affects your strength (+2).
   It affects your intelligence (+2).
   It protects you from cold.
   It insulates you from electricity.
   It makes you less stealthy.
 G - an uncursed ring of resist corrosion
 M - the ring of Music (left hand) {Fire Int+4}
   (You took it off a deep elf death mage on level 3 of the Elven Halls)

   [ring of fire]

   It enhances your fire magic.
   It affects your intelligence (+4).
   It protects you from fire.
   It makes you vulnerable to cold.
 S - a +5 amulet of reflection (around neck)
Wands
 n - a wand of paralysis (40)
 s - a wand of acid (5)
 B - a wand of digging (27)
 L - a wand of polymorph (46)
 N - a wand of iceblast (12)
Scrolls
 f - 9 scrolls of fog
 i - 20 scrolls of teleportation
 m - 17 scrolls of remove curse
 p - 7 scrolls of fear
 q - 8 scrolls of blinking
 t - a scroll of enchant weapon
 A - 2 scrolls of enchant armour
 J - 2 scrolls of amnesia
 Q - 8 scrolls of identify
 R - 2 scrolls of immolation
 T - 7 scrolls of magic mapping
Potions
 d - a potion of heal wounds
 h - 3 potions of haste
 j - a potion of resistance
 k - 11 potions of curing
 l - 4 potions of might
 u - 6 potions of brilliance
 v - a potion of cancellation
 P - a potion of invisibility
Miscellaneous
 E - 2 boxes of beasts
 V - a lamp of fire
 Y - a crystal ball of energy
Comestibles
 z - 32 rations


   Skills:
 - Level 12.0 Fighting
 - Level 6.0(11.1) Short Blades
 - Level 9.6(10.0) Long Blades
 * Level 13.2 Armour
 * Level 17.2 Dodging
 - Level 9.0 Stealth
 - Level 13.0 Shields
 O Level 27 Spellcasting
 * Level 25.8 Conjurations
 - Level 9.0 Necromancy
 - Level 6.0 Translocations
 - Level 9.0 Transmutations
 * Level 26.0 Fire Magic
 - Level 7.0 Earth Magic
 * Level 19.4 Evocations


You had 15 spell levels left.
You knew the following spells:

 Your Spells              Type           Power        Failure   Level  Hunger
a - Flame Tongue          Conj/Fire      #####        0%          1    None
b - Bolt of Fire          Conj/Fire      ########..   0%          6    None
c - Sticky Flame          Conj/Fire      ########     0%          4    None
d - Mephitic Cloud        Conj/Pois/Air  #######.     1%          3    None
e - Force Lance           Conj/Tloc      #######.     0%          4    None
f - Ring of Flames        Chrm/Fire      ########..   2%          7    None
g - Passwall              Tmut/Erth      #######.     1%          2    None
h - Orb of Destruction    Conj           ########..   0%          7    None
i - Inner Flame           Hex/Fire       ########     0%          3    None
j - Ignition              Fire           ########..   1%          8    None
k - Fire Storm            Conj/Fire      ########..   1%          9    ###....
l - Blink                 Tloc           N/A          1%          2    None
m - Iron Shot             Conj/Erth      ########..   1%          6    None
r - Regeneration          Chrm/Necr      ######....   1%          3    None

Your spell library contained the following spells:

 Spells                   Type           Power        Failure   Level  Hunger
 Chain Lightning          Conj/Air       #######...   6%          8    None
 Glaciate                 Conj/Ice       #######...   58%         9    ###....
 Animate Skeleton         Necr           N/A          0%          1    None
 Beastly Appendage        Tmut           ######       0%          1    None
 Magic Dart               Conj           ####         0%          1    None
 Pain                     Necr           ####         0%          1    None
 Shock                    Conj/Air       ####         0%          1    None
 Sting                    Conj/Pois      ####         0%          1    None
 Throw Flame              Conj/Fire      ######       0%          2    None
 Throw Frost              Conj/Ice       ######       0%          2    None
 Conjure Flame            Conj/Fire      ########     0%          3    None
 Static Discharge         Conj/Air       #######.     0%          3    None
 Stone Arrow              Conj/Erth      ######       0%          3    None
 Bolt of Magma            Conj/Fire/Erth ########..   0%          5    None
 Fireball                 Conj/Fire      ########..   0%          5    None
 Irradiate                Conj/Tmut      ########..   0%          5    None
 Apportation              Tloc           ######       1%          1    None
 Confusing Touch          Hex            #####.       1%          1    None
 Corona                   Hex            #####..      1%          1    None
 Freeze                   Ice            ####         1%          1    None
 Infusion                 Chrm           ####         1%          1    None
 Sandblast                Erth           ######       1%          1    None
 Summon Butterflies       Summ           #####...     1%          1    None
 Summon Small Mammal      Summ           ####         1%          1    None
 Call Imp                 Summ           #####...     1%          2    None
 Corpse Rot               Necr           N/A          1%          2    None
 Ensorcelled Hibernation  Hex/Ice        #####.       1%          2    None
 Poisonous Vapours        Pois/Air       #####.       1%          2    None
 Shroud of Golubria       Chrm/Tloc      ######....   1%          2    None
 Slow                     Hex            #####...     1%          2    None
 Song of Slaying          Chrm           #####...     1%          2    None
 Sticks to Snakes         Tmut           #######.     1%          2    None
 Swiftness                Chrm/Air       #####...     1%          2    None
 Call Canine Familiar     Summ           #####...     1%          3    None
 Confuse                  Hex            #####...     1%          3    None
 Gell's Gravitas          Tloc           ######....   1%          3    None
 Lesser Beckoning         Tloc           ######....   1%          3    None
 Ozocubu's Armour         Chrm/Ice       #####...     1%          3    None
 Portal Projectile        Hex/Tloc       ######       1%          3    None
 Recall                   Summ/Tloc      N/A          1%          3    None
 Spectral Weapon          Hex/Chrm       #####...     1%          3    None
 Spider Form              Tmut/Pois      ######....   1%          3    None
 Summon Guardian Golem    Hex/Summ       #####...     1%          3    None
 Teleport Other           Tloc           ######..     1%          3    None
 Tukima's Dance           Hex            #####...     1%          3    None
 Vampiric Draining        Necr           #######...   1%          3    None
 Airstrike                Air            #####.....   1%          4    None
 Animate Dead             Necr           N/A          1%          4    None
 Fulminant Prism          Conj/Hex       #######...   1%          4    None
 Ice Form                 Ice/Tmut       ######..     1%          4    None
 Leda's Liquefaction      Hex/Erth       ######....   1%          4    None
 Olgreb's Toxic Radiance  Pois           #####...     1%          4    None
 Petrify                  Tmut/Erth      #######.     1%          4    None
 Throw Icicle             Conj/Ice       #######.     1%          4    None
 Agony                    Necr           #######.     1%          5    None
 Blade Hands              Tmut           #######...   1%          5    None
 Iskenderun's Battlesphe  Conj/Chrm      #######.     1%          5    None
 Lee's Rapid Deconstruct  Erth           ######....   1%          5    None
 Lightning Bolt           Conj/Air       #######...   1%          5    None
 Venom Bolt               Conj/Pois      #######...   1%          5    None
 Yara's Violent Unravell  Hex/Tmut       ######....   1%          5    None
 Bolt of Cold             Conj/Ice       #######...   1%          6    None
 Conjure Ball Lightning   Conj/Air       #######...   1%          6    None
 Freezing Cloud           Conj/Ice/Air   #######...   1%          6    None
 Poison Arrow             Conj/Pois      #######...   1%          6    None
 Spellforged Servitor     Conj/Summ      #######...   1%          7    None
 Lehudib's Crystal Spear  Conj/Erth      ########..   1%          8    None
 Alistair's Intoxication  Tmut/Pois      ######..     2%          5    None
 Hydra Form               Tmut           #######...   2%          6    None
 Statue Form              Tmut/Erth      #######..    3%          6    None
 Summon Forest            Summ/Tloc      ######....   4%          5    None
 Cause Fear               Hex            #####.....   6%          4    None
 Summon Ice Beast         Ice/Summ       #####...     6%          4    None
 Summon Lightning Spire   Summ/Air       #####...     6%          4    None
 Dispersal                Tloc           ######....   9%          6    None
 Dragon Form              Tmut           #######...   13%         7    None
 Simulacrum               Ice/Necr       ######....   16%         6    None
 Aura of Abjuration       Summ           #####.....   17%         5    None
 Metabolic Englaciation   Hex/Ice        #####.....   17%         5    None
 Silence                  Hex/Air        #####.....   17%         5    None
 Summon Mana Viper        Hex/Summ       #####...     17%         5    None
 Ozocubu's Refrigeration  Ice            #####.....   24%         6    None
 Haunt                    Necr/Summ      ######....   63%         7    None
 Darkness                 Hex            #####.....   67%         6    None
 Deflect Missiles         Chrm/Air       #####.....   67%         6    None
 Invisibility             Hex            #####...     67%         6    None
 Shadow Creatures         Summ           N/A          67%         6    None
 Borgnjor's Revivificati  Necr           #######...   71%         8    None
 Infestation              Necr           #######...   71%         8    None
 Necromutation            Tmut/Necr      #######...   71%         8    None
 Malign Gateway           Summ/Tloc      ######....   83%         7    None
 Controlled Blink         Tloc           N/A          98%         8    None
 Disjunction              Tloc           ######....   98%         8    None
 Monstrous Menagerie      Summ           #####.....   99%         7    None
 Summon Greater Demon     Summ           #####.....   99%         7    None
 Summon Hydra             Summ           #####.....   99%         7    None
 Death's Door             Chrm/Necr      ######....   100%        8    None
 Discord                  Hex            #####.....   100%        8    None
 Summon Horrible Things   Summ           #####.....   100%        8    None
 Dragon's Call            Summ           #####.....   100%        9    ###....
 Shatter                  Erth           ######....   100%        9    ###....
 Tornado                  Air            #####.....   100%        9    ###....
 Passage of Golubria      Tloc           Unusable     N/A         4    N/A

Dungeon Overview and Level Annotations

Branches:
Dungeon (15/15)            Temple (1/1) D:7            Lair (6/6) D:11
 Shoals (4/4) Lair:2        Snake (4/4) Lair:3        Slime (5/5) Lair:5
    Orc (2/2) D:10            Elf (3/3) Orc:2        Vaults (5/5) D:14
  Crypt (3/3) Vaults:3       Tomb (0/3) Crypt:3      Depths (5/5) D:15
   Hell (1/1)                 Dis (0/7) Hell            Geh (0/7) Hell
    Coc (7/7) Hell            Tar (2/7) Hell            Zot (5/5) Depths:5

Altars:
Ashenzari
Cheibriados
Dithmenos
Elyvilon
Fedhas
Gozag
Hepliaklqana
Kikubaaqudgha
Makhleb
Nemelex Xobeh
Okawaru
Qazlal
Ru
Sif Muna
Trog
Uskayaw
Vehumet
Wu Jian
Xom
Yredelemnul
Zin
The Shining One
Jiyva
Lugonu

Shops:
D:5 %*   D:6 *   Orc:2 [:*(   Elf:1 *   Shoals:3 %   Shoals:4 ?   Snake:2 !
Snake:3 }==   Snake:4 }   Vaults:2 (((*   Vaults:3 ?   Depths:2 *
Depths:4 :*(

Portals:
Hell: Depths:1 Depths:2 Depths:3 Depths:4 Depths:5
Abyss: Depths:4
Pandemonium: Depths:3 Depths:4
Ziggurat: Depths:1

Annotations:
Zot:4 3 runed doors, mojasp's ghost, legendary GrEE


Innate Abilities, Weirdness & Mutations

You are small and have problems with some larger weapons.
You are carnivorous and can eat meat at any time.
You are surrounded by a mild repulsion field. (EV +2)
Your system is resistant to poisons. (rPois)
You are robust. (+10% HP)
You expend magic power (3 MP) to strengthen your wands.
Your movements are slightly less encumbered by armour. (ER -2)


Message History

Confirm with . or Enter, or press ? or * to list all spells.
Aiming: Bolt of Fire (safe; 0% risk of failure)
Press: ? - help, Shift-Dir - straight line, f - soul eater
Aim: a soul eater You feel a surge of power!
The bolt of fire hits the soul eater.
You kill the soul eater!
You feel your power returning.
You hear a roar!
Evoke which item? (* to show all) (? for menu, Esc to quit)
Aiming: Dig
Press: ? - help, Shift-Dir - straight line A rock wall.
This square is covered in magical glow.
The rock shatters into small pieces.
The Tzitzimitl roars!
You feel a surge of power!
The Tzitzimitl calls on the powers of darkness!
Your body is wracked with pain!
There is a staircase leading out of the dungeon here.
You have escaped!

####.###.# #.....###....###
#.# #.# #.# #.#.###........##
#.# #.# #.# #.#.##.......)..##
#.# #.#
#.###.#.#............###.#
#.###.......#............##...
#..########......#.##.....##.#
##.# #....##.# ###...##.# #.#
######.# ##..##.# #.# #@..##
###...#..# #.#
###....####.....#### #.#
##.#............## #.#
#...............# #.#####
##.##..........## #...1.#
#.###........## #####.# #.#
###....### #.#
##.##############
#.###............)..#


There were no monsters in sight!

Vanquished Creatures
  Antaeus (Coc:7)
  the Royal Jelly (Slime:5)
  the Serpent of Hell (Coc:7)
  6 ancient liches
  3 orbs of fire
  Mennas (Vaults:4)
  A juggernaut (Depths:2)
  Sojobo (Crypt:2)
  8 shard shrikes
  Saint Roka (Elf:2)
  2 curse toes
  9 golden dragons
  2 Killer Klowns (Zot:5)
  Geryon (Hell)
  Nikola (Shoals:3)
  3 pandemonium lords (Pan)
  A profane servitor (Abyss:3)
  8 bone dragons
  11 liches
  A doom hound (Tar:2)
  A Brimstone Fiend (Pan)
  7 Tzitzimimeh (Pan)
  4 electric golems
  A hellephant (Abyss:3)
  14 Ice Fiends
  2 Hell Sentinels (Pan)
  24 Orb Guardians (Zot:5)
  Rupert (Orc:2)
  15 tentacled monstrosities
  6 titans
  Asterion (Depths:1)
  5 krakens
  21 acid blobs
  2 deep elf master archers (Elf:3)
  10 death cobs
  4 deep elf blademasters
  14 Executioners
  3 quicksilver dragons
  An eldritch tentacle (Coc:7)
  A thorn hunter (Abyss:1)
  14 tentacled starspawn
  2 sphinxes (Vaults:5)
  9 ancient champions
  7 shadow dragons
  15 storm dragons
  4 draconian monks
  7 tengu reavers
  4 revenants
  16 azure jellies
  5 fire giants
  9 nagarajas
  11 vault wardens
  4 orc warlords
  5 draconian knights
  15 frost giants
  6 balrugs
  6 draconian scorchers
  A ghost moth (Zot:3)
  10 deep elf sorcerers
  Louise (D:15)
  13 cacodemons
  4 iron dragons
  4 deep elf elementalists (Elf:3)
  A curse skull (Crypt:3)
  4 draconian annihilators
  8 draconian stormcallers
  An angel (Pan)
  6 warmongers (Pan)
  10 ironheart preservers
  A juggernaut zombie (Crypt:3)
  4 war gargoyles
  3 draconian shifters
  13 ghouls
  3 blood saints (Pan)
  12 stone giants
  7 elemental wellsprings
  4 corrupters (Pan)
  15 black suns (Pan)
  22 very ugly things
  7 green draconians
  24 reapers
  6 entropy weavers
  5 vampire knights
  A minotaur (Lab)
  7 deep elf demonologists
  13 yellow draconians
  8 deep elf annihilators (Elf:3)
  11 black draconians
  11 lorocyprocas
  10 purple draconians
  5 spark wasps
  15 red draconians
  An eidolon (Abyss:2)
  11 merfolk javelineers
  14 green deaths
  10 ettins
  15 white draconians
  2 crystal guardians
  8 deep elf death magi
  16 merfolk impalers
  17 blizzard demons
  4 death oozes (Slime:5)
  3 quicksilver dragon zombies
  7 jiangshi
  6 deep elf high priests
  33 ice dragons
  17 great orbs of eyes
  2 kraken zombies (Coc:7)
  15 yaktaur captains
  8 fire dragons
  2 quicksilver dragon skeletons
  3 spriggan air magi
  28 vault guards
  7 rakshasas
  8 hydras
  12 naga warriors
  2 hell beasts (Pan)
  7 monstrous demonspawn (Pan)
  Erolcha (D:13)
  5 ghost crabs
  7 death knights
  3 merfolk avatars (Shoals:4)
  4 merfolk aquamancers
  An alligator (shapeshifter) (Vaults:1)
  A satyr (Shoals:4)
  28 dancing weapons
  9 anacondas
  39 two-headed ogres
  2 catoblepae (Lair:6)
  5 deep troll shamans
  9 centaur warriors
  3 deep troll earth magi
  11 ogre magi
  8 tengu warriors
  2 orc high priests (Orc:2)
  3 death yaks (Lair:6)
  45 soul eaters
  6 titan zombies
  2 storm dragon zombies
  6 hell hogs
  17 naga sharpshooters
  27 thrashing horrors
  10 vampire magi
  6 spriggan berserkers
  24 deep elf knights
  A fire crab (shapeshifter) (Vaults:4)
  48 sun demons
  7 shock serpents
  73 skeletal warriors
  A golden dragon zombie (Tar:2)
  5 iron trolls
  An entropy weaver zombie (Crypt:2)
  3 storm dragon skeletons
  5 fire crabs
  9 shadow wraiths
  14 wretched stars
  15 sixfirhies
  3 spatial maelstroms
  7 torturous demonspawn
  12 anaconda zombies
  5 glowing orange brains
  A swamp dragon (Lair:6)
  15 deep trolls
  8 gelid demonspawn (Pan)
  5 infernal demonspawn (Pan)
  A deep troll (shapeshifter) (Depths:1)
  21 sea snakes
  A sea snake (shapeshifter) (Vaults:5)
  12 flayed ghosts
  2 shambling mangroves
  4 shadow demons
  8 phantasmal warriors
  An obsidian statue (Depths:2)
  5 anaconda skeletons
  5 lindwurms (Lair:6)
  13 ironbrand convokers
  A necromancer (Vaults:4)
  5 naga ritualists (Snake:4)
  A wolf spider zombie (Coc:1)
  A golden dragon skeleton (Coc:7)
  27 orc knights
  6 wizards
  17 deep elf archers
  Pikel (D:7)
  60 deep elf magi
  3 shadow dragon zombies (Coc:7)
  5 mana vipers
  11 harpies
  5 iron dragon zombies
  8 orc sorcerers
  10 shining eyes
  91 large abominations
  3 shadow dragon skeletons
  A statue (Abyss:3)
  4 wolf spiders
  A fire giant zombie (Coc:4)
  8 fauns
  7 cyclopes
  A manticore (shapeshifter) (Vaults:2)
  2 stone giant zombies (Coc:7)
  5 salamanders
  2 frost giant zombies
  7 manticores
  20 ugly things
  A stone giant skeleton (Coc:3)
  4 fire giant skeletons
  A human skeleton (Vaults:4)
  5 worldbinders
  37 black mambas
  13 merfolk sirens
  4 frost giant skeletons
  13 guardian serpents
  5 elephants
  4 rust devils
  28 moths of wrath
  4 iron dragon skeletons
  16 naga magi
  4 apocalypse crabs
  45 smoke demons
  10 vault sentinels
  2 gargoyles (D:14)
  An eye of devastation (Slime:1)
  3 centaur zombies
  2 torpor snails (Lair:6)
  16 orange demons
  2 dire elephant skeletons
  A spiny frog (shapeshifter) (Abyss:1)
  5 water nymphs
  2 molten gargoyles (Hell)
  5 ice statues
  9 hellions
  2 kobold demonologists (D:14)
  9 spiny frogs
  42 ice devils
  5 rime drakes
  A shock serpent skeleton (Coc:7)
  34 yaktaurs
  An efreet (Abyss:3)
  A minotaur zombie (Coc:1)
  A rime drake (shapeshifter) (Vaults:5)
  A ghost moth simulacrum (Coc:3)
  A red draconian zombie (Crypt:2)
  9 ancient zymes
  21 demonic crawlers
  3 komodo dragons
  66 starcursed masses
  44 freezing wraiths
  5 guardian mummies (Crypt:3)
  7 hellwings
  24 tormentors
  A jumping spider (shapeshifter) (Vaults:2)
  A meliai (shapeshifter) (Depths:2)
  33 merfolk
  4 tengu conjurers
  A white draconian skeleton (Crypt:2)
  13 red devils
  6 wind drakes
  A jumping spider (Vaults:3)
  8 hornets
  17 hydra zombies
  12 trolls
  A polar bear (Lair:4)
  A hornet (shapeshifter) (Depths:3)
  A shadow dragon simulacrum (Abyss:3)
  A polar bear (shapeshifter) (Vaults:4)
  A wolf spider simulacrum (Coc:7)
  Prince Ribbit (D:7)
  A raiju (shapeshifter) (Depths:2)
  Grinder (D:3)
  28 raiju (Abyss:3)
  9 bog bodies
  39 blink frogs
  10 hippogriffs
  152 slime creatures
  4 fire dragon zombies
  17 dream sheep
  A snapping turtle (shapeshifter) (Elf:3)
  9 snapping turtles
  5 hydra skeletons
  2 ettin zombies
  4 ice dragon zombies
  3 spriggans
  8 alligator zombies
  A frost giant simulacrum (Coc:7)
  4 air elementals
  A spriggan (shapeshifter) (Vaults:2)
  Sigmund (D:4)
  A guardian serpent skeleton (Crypt:3)
  A tarantella (Vaults:3)
  2 alligator skeletons
  3 ice dragon skeletons
  A centaur simulacrum (D:14)
  5 ettin skeletons
  72 flying skulls
  24 ynoxinuls
  A redback (Vaults:3)
  18 wraiths
  4 vampires
  17 yaks
  3 fire bats (Abyss:3)
  44 water elementals
  12 shadows
  9 fire elementals
  A redback (shapeshifter) (Vaults:5)
  7 wyverns
  3 basilisks
  A black mamba skeleton (Coc:6)
  5 hungry ghosts
  7 golden eyes (Abyss:3)
  A steam dragon (shapeshifter) (Vaults:5)
  26 chaos spawn
  Edmund (D:4)
  A wind drake skeleton (Crypt:1)
  16 neqoxecs
  15 wargs
  31 small abominations
  5 steam dragons
  Menkaure (Ossuary)
  8 insubstantial wisps (Abyss:3)
  4 vampire mosquitoes (D:12)
  A soldier ant (shapeshifter) (Vaults:4)
  2 spatial vortices
  74 nagas
  12 water moccasins
  10 spiny frog zombies
  A merfolk skeleton (Crypt:1)
  3 acid dragons
  19 hell hounds
  11 porcupines
  Duvessa (D:4)
  2 floating eyes
  3 spiny frog skeletons
  2 swamp drakes (Lair:6)
  45 orc warriors
  11 eyes of draining
  A snapping turtle zombie (Coc:4)
  12 necrophages
  A swamp dragon zombie (Coc:7)
  2 ice dragon simulacra
  24 ice beasts
  4 phantoms
  An ettin simulacrum (Abyss:3)
  8 boggarts
  2 manticore zombies
  5 sky beasts
  38 ogres
  An eye of draining (shapeshifter) (D:15)
  3 wolves (Lair:4)
  A lindwurm skeleton (Crypt:1)
  A snapping turtle skeleton (Crypt:3)
  11 centaurs
  A swamp dragon skeleton (Coc:1)
  9 crocodiles
  8 big kobolds
  A hog skeleton (Crypt:1)
  A wyvern zombie (D:14)
  15 bullfrogs
  An octopode zombie (Crypt:1)
  5 earth elementals
  A yaktaur skeleton (Crypt:2)
  A water moccasin zombie (D:7)
  Dowan (D:4)
  A hippogriff skeleton (Crypt:2)
  A water moccasin skeleton (D:12)
  6 scorpions
  A snapping turtle simulacrum (Coc:2)
  2 human simulacra (Vaults:3)
  11 killer bees (D:10)
  33 wights
  A troll skeleton (Coc:4)
  3 howler monkeys
  6 electric eels
  7 crimson imps
  9 jellies
  7 quasits
  A bullfrog zombie (D:9)
  A human zombie (Coc:3)
  9 hounds
  19 orc priests
  3 bullfrog skeletons
  27 orc wizards
  7 iron imps
  6 centaur skeletons
  8 iguanas
  6 hell rats (Hell)
  10 worker ants
  A tengu zombie (Coc:7)
  13 mummies
  3 hound skeletons
  A worker ant zombie (D:7)
  14 adders
  A scorpion zombie (Crypt:3)
  8 shadow imps
  20 white imps
  4 ufetubi (Abyss:3)
  An ooze (D:7)
  2 adder skeletons
  3 worms
  5 leopard geckos
  131 orcs
  10 bats
  A giant cockroach (D:2)
  2 gnoll zombies (Ossuary)
  9 hobgoblins
  5 jackals
  6 quokkas
  A ball python (D:4)
  A ball python zombie (Crypt:3)
  10 frilled lizards
  3 gnoll skeletons
  9 goblins
  A goblin skeleton (Ossuary)
  2 goblin zombies (Ossuary)
  5 hobgoblin skeletons (Ossuary)
  3 hobgoblin zombies (Ossuary)
  23 kobolds
  3 kobold skeletons
  2 kobold zombies (Ossuary)
  A leopard gecko skeleton (D:4)
  6 orc skeletons
  4 orc zombies (Ossuary)
  5 rats
  2 rat skeletons (Ossuary)
  3 rat zombies (Ossuary)
  A river rat skeleton (Crypt:3)
  8 fire vortices
  2 lurking horrors
  2 plants
  11 starspawn tentacles (Abyss:3)
  17 tentacles
3953 creatures vanquished.

Vanquished Creatures (collateral kills)
  A pandemonium lord (Pan)
  An Orb Guardian (Zot:5)
  A deep elf blademaster (Elf:3)
  A tentacled starspawn (Abyss:1)
  An ancient champion (Crypt:3)
  A frost giant (Coc:7)
  A draconian scorcher (Zot:2)
  A cacodemon (Pan)
  A draconian annihilator (Abyss:1)
  A draconian stormcaller (Zot:2)
  3 reapers
  A green draconian (Zot:2)
  3 black draconians
  A yellow draconian (Zot:1)
  A deep elf death mage (Elf:3)
  A ghost crab (Abyss:3)
  A thrashing horror (Abyss:3)
  A sixfirhy (Pan)
  A torturous demonspawn (Pan)
  A worldbinder (Abyss:3)
  A stone giant skeleton (Coc:5)
  2 apocalypse crabs (Abyss:3)
  2 smoke demons
  2 orange demons (Pan)
  A freezing wraith (Coc:7)
  A wraith (Coc:3)
  A shadow (Coc:5)
  A spatial vortex (Abyss:2)
  A large abomination (Abyss:3)
  A spiny frog simulacrum (Coc:7)
  A centaur zombie (Tar:2)
  A hell rat (Hell)
  2 white imps
  An orc (Bailey)
  3 starspawn tentacles
45 creatures vanquished.

Vanquished Creatures (others)
  A tentacled starspawn (Abyss:3)
  2 stone giants
  A blizzard demon (Abyss:3)
  2 yaktaur captains
  A hell hog (Depths:1)
  2 naga sharpshooters (Snake:4)
  A wretched star (Abyss:3)
  2 deep elf archers
  2 deep elf magi (Abyss:3)
  A moth of wrath (Zot:5)
  A worldbinder (Abyss:3)
  2 salamanders
  An orange demon (Abyss:3)
  3 yaktaurs
  A merfolk (Shoals:3)
  A raiju (Abyss:3)
  A blink frog (Abyss:2)
  A flying skull (Coc:7)
  A ynoxinul (Abyss:3)
  A water elemental (Abyss:3)
  A large abomination (Abyss:3)
  A spatial vortex (Abyss:3)
  A swamp dragon skeleton (Coc:7)
  2 centaurs
  A manticore simulacrum (Abyss:3)
  A troll simulacrum (Abyss:3)
  2 small abominations (Abyss:3)
  3 mummies (Ossuary)
  2 orcs
  3 gnoll skeletons (Ossuary)
  A goblin skeleton (Ossuary)
  3 goblin zombies (Ossuary)
  A hobgoblin skeleton (Ossuary)
  3 hobgoblin zombies (Ossuary)
  2 kobolds (D:11)
  2 kobold skeletons (Ossuary)
  A kobold zombie (Ossuary)
  2 orc skeletons (Ossuary)
  2 rat zombies (Ossuary)
  3 bushes (Shoals:1)
  432 fire vortices
  18 fungi
  A lurking horror (Abyss:3)
  20 plants
  29 starspawn tentacles
  3 tentacles
568 creatures vanquished.

Grand Total: 4566 creatures vanquished

Notes
Turn   | Place    | Note
-------+----------+-------------------------------------------
     0 | D:1      | Ihlosi the Kobold Fire Elementalist began the quest for the
                  | Orb.
     0 | D:1      | Reached XP level 1. HP: 10/10 MP: 3/3
   292 | D:1      | Reached XP level 2. HP: 13/16 MP: 3/5
   608 | D:1      | Reached skill level 1 in Fighting
   780 | D:1      | Reached XP level 3. HP: 20/20 MP: 6/6
  1490 | D:2      | Reached XP level 4. HP: 25/25 MP: 3/8
  1524 | D:2      | Reached skill level 3 in Spellcasting
  2478 | D:3      | Reached XP level 5. HP: 29/29 MP: 5/9
  2528 | D:3      | Found a glowing silver altar of Zin.
  2528 | D:3      | Noticed an angel
  2742 | D:3      | Noticed Grinder
  2773 | D:2      | Learned a level 4 spell: Sticky Flame
  2955 | D:4      | Noticed an ogre
  2997 | D:4      | Noticed Duvessa
  3220 | D:4      | Reached XP level 6. HP: 35/35 MP: 0/11
  3340 | D:3      | Learned a level 1 spell: Animate Skeleton
  3344 | D:3      | Learned a level 3 spell: Inner Flame
  3360 | D:4      | Killed Duvessa
  3532 | D:4      | Noticed Dowan
  3559 | D:4      | Killed Dowan
  3559 | D:4      | Reached XP level 7. HP: 20/40 MP: 4/12
  3771 | D:4      | Reached skill level 4 in Spellcasting
  3887 | D:4      | Found a blossoming altar of Fedhas.
  3950 | D:4      | Noticed Sigmund
  4156 | D:4      | Noticed Edmund
  4179 | D:4      | Killed Edmund
  4346 | D:5      | Entered Level 5 of the Dungeon
  4393 | D:5      | Found an opulent altar of Gozag.
  4393 | D:5      | Found Gozag's Platinum Reserve.
  4433 | D:5      | Reached XP level 8. HP: 41/45 MP: 14/14
  4566 | D:5      | Found Caet's Food Shoppe.
  4652 | D:5      | Found a sand-covered staircase.
  4745 | Ossuary  | Entered an ossuary
  5497 | Ossuary  | Noticed Menkaure
  5500 | Ossuary  | Killed Menkaure
  5773 | D:5      | Reached skill level 5 in Conjurations
  6397 | D:6      | Reached skill level 1 in Necromancy
  6405 | D:6      | Reached skill level 5 in Dodging
  6405 | D:6      | Reached skill level 5 in Stealth
  6447 | D:6      | Reached skill level 5 in Fire Magic
  6787 | D:6      | Reached skill level 5 in Spellcasting
  7066 | D:6      | Reached XP level 9. HP: 37/50 MP: 16/16
  7793 | D:6      | Found Vaaquzof's Assorted Antiques.
  7848 | D:4      | Found a burning altar of Makhleb.
  8011 | D:4      | Killed Sigmund
  8134 | D:3      | Paralysed by Grinder for 2 turns
  8139 | D:3      | Killed Grinder
  8139 | D:3      | Reached skill level 6 in Spellcasting
  8512 | D:6      | Bought a brightly glowing wooden ring for 125 gold pieces
  8512 | D:6      | Bought a cloak for 112 gold pieces
  8517 | D:6      | Identified the ring of Biloasic {rElec rC+ Str+2 Int+2
                  | Stlth-} (You bought it in a shop on level 6 of the Dungeon)
  8997 | D:6      | Reached skill level 1 in Short Blades
  8997 | D:6      | Reached skill level 1 in Evocations
  8998 | D:6      | Found Vaaquzof's Assorted Antiques.
  9403 | D:7      | Found a flagged portal.
  9423 | D:7      | Reached XP level 10. HP: 42/56 MP: 2/19
  9573 | Bailey   | Entered a bailey
 10027 | Bailey   | Learned a level 5 spell: Fireball
 10383 | Bailey   | Noticed an orc knight
 10503 | Bailey   | Learned a level 3 spell: Mephitic Cloud
 10592 | Bailey   | Reached skill level 7 in Spellcasting
 10793 | Bailey   | Killed an orc knight
 11241 | D:7      | Found a staircase to the Ecumenical Temple.
 11332 | D:7      | Noticed Prince Ribbit
 11339 | D:7      | Killed Prince Ribbit
 11767 | D:7      | Noticed Pikel
 11798 | D:7      | Killed Pikel
 11798 | D:7      | Reached skill level 8 in Spellcasting
 12173 | Temple   | Entered the Ecumenical Temple
 12252 | Temple   | Became a worshipper of Vehumet
 12672 | D:8      | Reached XP level 11. HP: 58/62 MP: 21/23
 12747 | D:8      | Got a pair of dazzling gloves
 12753 | D:8      | Identified the +1 pair of gloves of Follow the Leader
                  | {rElec Dex+3} (You found it on level 8 of the Dungeon)
 13180 | D:8      | Reached * piety under Vehumet
 13180 | D:8      | Offered knowledge of Sandblast by Vehumet.
 13332 | D:8      | Reached skill level 5 in Short Blades
 13622 | D:9      | Found a white marble altar of Elyvilon.
 14781 | D:9      | Reached XP level 12. HP: 68/68 MP: 24/24
 14943 | D:10     | Entered Level 10 of the Dungeon
 15340 | D:10     | Found a staircase to the Orcish Mines.
 15445 | D:10     | Reached ** piety under Vehumet
 15466 | D:9      | Reached skill level 5 in Fighting
 15618 | D:10     | Offered knowledge of Searing Ray by Vehumet.
 16193 | D:11     | Found a staircase to the Lair.
 16287 | D:11     | Offered knowledge of Ignite Poison by Vehumet.
 16770 | D:11     | Reached *** piety under Vehumet
 17056 | D:11     | Reached skill level 9 in Spellcasting
 17211 | D:11     | Got a polished war axe
 17212 | D:11     | Identified the +8 war axe of Ambiguity {venom, rC+ Int+4
                  | Stlth+} (You found it on level 11 of the Dungeon)
 17666 | D:12     | Found a burning altar of Makhleb.
 17693 | D:12     | HP: 2/68 [manticore (10)]
 17696 | D:12     | Offered knowledge of Force Lance by Vehumet.
 17703 | D:12     | Learned a level 4 spell: Force Lance
 17894 | D:12     | Reached skill level 5 in Evocations
 18010 | D:12     | Noticed a two-headed ogre
 18026 | D:12     | Killed a two-headed ogre
 18123 | D:12     | Reached skill level 1 in Translocations
 18375 | Lair:1   | Entered Level 1 of the Lair of Beasts
 18456 | Lair:1   | Reached XP level 13. HP: 53/74 MP: 9/26
 18463 | Lair:1   | Reached **** piety under Vehumet
 18612 | Lair:1   | Noticed a five-headed hydra
 18616 | Lair:1   | Killed a five-headed hydra
 19163 | Lair:1   | Reached skill level 5 in Shields
 19647 | Lair:1   | Offered knowledge of Throw Icicle by Vehumet.
 20205 | Lair:2   | Found a staircase to the Shoals.
 20795 | Lair:3   | Found a labyrinth entrance.
 20808 | Lair:3   | Found a frozen archway.
 20841 | Lab      | Entered a labyrinth
 20948 | Lab      | Noticed a minotaur
 20965 | Lab      | Killed a minotaur
 20967 | Lab      | Got a coiled ivory ring
 20984 | Lab      | Identified the ring "Fuill" {rPois rF+} (You took it off a
                  | minotaur in a labyrinth)
 21040 | IceCv    | Entered an ice cave
 21041 | IceCv    | Reached skill level 10 in Spellcasting
 21064 | IceCv    | Learned a level 2 spell: Passwall
 21326 | IceCv    | Reached skill level 10 in Conjurations
 21642 | IceCv    | Identified the Compendium of Nocuous Augmentations
 21652 | IceCv    | Got a twisted spear
 21655 | IceCv    | Identified the +6 spear of True Grit {speed, rPois rF+ MR++
                  | Dex-4} (You found it in an ice cave)
 21984 | Lair:3   | Noticed an eight-headed hydra
 21989 | Lair:3   | Killed an eight-headed hydra
 21989 | Lair:3   | Reached skill level 10 in Fire Magic
 22302 | Lair:3   | Found a staircase to the Snake Pit.
 22674 | Lair:3   | Reached ***** piety under Vehumet
 22683 | Lair:3   | Offered knowledge of Bolt of Fire by Vehumet.
 22783 | Lair:3   | Learned a level 6 spell: Bolt of Fire
 23322 | Lair:4   | Reached XP level 14. HP: 80/80 MP: 8/28
 24557 | Lair:5   | Reached skill level 10 in Dodging
 24749 | Lair:5   | Reached skill level 11 in Spellcasting
 24899 | Lair:5   | Found a runed door.
 24925 | Lair:5   | Found a viscous altar of Jiyva.
 24925 | Lair:5   | Found a staircase to the Slime Pits.
 25625 | Lair:6   | Entered Level 6 of the Lair of Beasts
 25635 | Lair:6   | Found a hide-covered altar of Uskayaw.
 26838 | Lair:6   | Identified the Tome of Ashen Evil Magic
 26862 | Lair:6   | Got a clouded emerald amulet
 26863 | Lair:6   | Identified the amulet "Hubbepao" {Harm *Drain rElec Int+2}
                  | (You found it on level 6 of the Lair of Beasts)
 27153 | Lair:6   | Reached XP level 15. HP: 84/84 MP: 19/30
 27155 | Lair:6   | Offered knowledge of Fulminant Prism by Vehumet.
 27306 | Lair:6   | Reached skill level 5 in Translocations
 27952 | Lair:6   | Got a smoking morningstar
 27953 | Lair:6   | Identified a scroll of acquirement
 28042 | Lair:6   | Reached skill level 12 in Spellcasting
 28405 | Lair:6   | Got a warped battleaxe
 28945 | Lair:2   | Identified the +7 morningstar "Son Lauw" {flame, rF- rC+
                  | rN+ Stlth+} (You found it on level 6 of the Lair of Beasts)
 29019 | Orc:1    | Entered Level 1 of the Orcish Mines
 29516 | Orc:2    | Entered Level 2 of the Orcish Mines
 29517 | Orc:2    | Noticed Rupert
 29572 | Orc:2    | Found a staircase to the Elven Halls.
 29645 | Orc:2    | Paralysed by an orc sorcerer for 6 turns
 29898 | Orc:2    | Found Culeob's Antique Armour Boutique.
 29965 | Orc:2    | Found Heexoeck's Book Shop.
 30086 | Orc:2    | Paralysed by an orc sorcerer for 5 turns
 30843 | Orc:2    | Offered knowledge of Orb of Destruction by Vehumet.
 30855 | Orc:2    | Learned a level 7 spell: Orb of Destruction
 31061 | Orc:2    | Noticed an orc warlord
 31075 | Orc:2    | Killed an orc warlord
 31405 | Orc:2    | Found Ephif's Antique Weapon Emporium.
 31430 | Orc:2    | Found Rutic's General Store.
 31669 | Orc:2    | Killed Rupert
 31669 | Orc:2    | Reached XP level 16. HP: 88/88 MP: 18/32
 32025 | D:13     | Noticed Erolcha
 32331 | D:13     | Reached skill level 13 in Spellcasting
 32565 | D:13     | Offered knowledge of Bolt of Magma by Vehumet.
 32584 | D:13     | Got a slimy bronze ring
 32588 | D:13     | Identified the ring "Xihir" {rN+ Int+2} (You found it on
                  | level 13 of the Dungeon)
 32923 | D:13     | Killed Erolcha
 33850 | D:14     | Found an ancient bone altar of Kikubaaqudgha.
 33934 | D:14     | Found a gate to the Vaults.
 34974 | D:15     | Entered Level 15 of the Dungeon
 35014 | D:15     | Found an opulent altar of Gozag.
 36014 | D:15     | Noticed Louise
 36035 | D:15     | Killed Louise
 36035 | D:15     | Reached skill level 14 in Spellcasting
 36177 | D:15     | Found a staircase to the Depths.
 36526 | Snake:1  | Entered Level 1 of the Snake Pit
 37252 | Snake:1  | Offered knowledge of Spellforged Servitor by Vehumet.
 37382 | Snake:1  | Reached XP level 17. HP: 86/93 MP: 12/35
 38308 | Snake:2  | Found Qaik Daw's Distillery.
 39059 | Snake:2  | Got a heavily runed plate armour
 39137 | Snake:2  | Identified the +4 plate armour "Ungaut" {*Slow +Fly rF+
                  | rN+} (You found it on level 2 of the Snake Pit)
 39150 | Snake:2  | Got a pitted broad axe
 39176 | Snake:2  | Identified the +3 broad axe "Impslayer" {freeze, rElec
                  | rPois Dex+3} (You found it on level 2 of the Snake Pit)
 39284 | Snake:2  | Reached skill level 15 in Spellcasting
 39923 | Snake:3  | Reached skill level 15 in Fire Magic
 40261 | Snake:4  | Entered Level 4 of the Snake Pit
 40339 | Snake:3  | Reached skill level 5 in Armour
 41166 | Snake:3  | Found Loan's Jewellery Shoppe.
 41167 | Snake:3  | Found Pithe's Gadget Boutique.
 41168 | Snake:3  | Found Buba's Jewellery Shoppe.
 41570 | Orc:2    | Bought a book of the Tempests for 980 gold pieces
 41580 | Orc:2    | Learned a level 8 spell: Ignition
 41715 | Shoals:1 | Entered Level 1 of the Shoals
 41879 | Shoals:1 | Offered knowledge of Iron Shot by Vehumet.
 42590 | Shoals:1 | Got a shimmering leather armour
 42601 | Shoals:1 | Identified the +3 leather armour of Tatz {rPois} (You found
                  | it on level 1 of the Shoals)
 42824 | Shoals:2 | Reached XP level 18. HP: 98/98 MP: 34/37
 43450 | Shoals:2 | Got a transparent leather armour
 43473 | Shoals:2 | Identified the cursed +0 leather armour of Focus {rC- rN++
                  | rCorr SInv} (You took it off a merfolk on level 2 of the
                  | Shoals)
 44017 | Shoals:2 | You fall through a shaft!
 44250 | Shoals:3 | Noticed a kraken
 44250 | Shoals:3 | Noticed a kraken
 44250 | Shoals:3 | Noticed a kraken
 44250 | Shoals:3 | Noticed a kraken
 44252 | Shoals:3 | Killed a kraken
 44252 | Shoals:3 | Killed a kraken
 44252 | Shoals:3 | Killed a kraken
 44257 | Shoals:3 | Killed a kraken
 44608 | Shoals:3 | Noticed Nikola
 44626 | Shoals:3 | Killed Nikola
 44664 | Shoals:3 | Reached skill level 16 in Spellcasting
 44978 | Shoals:3 | Found Cucsamef's Food Shoppe.
 45450 | Shoals:4 | Entered Level 4 of the Shoals
 45679 | Shoals:4 | Reached ****** piety under Vehumet
 45679 | Shoals:4 | Reached XP level 19. HP: 87/104 MP: 39/39
 45689 | Shoals:4 | Got a barnacled rune of Zot
 45795 | Shoals:4 | Found Naont's Magic Scroll Boutique.
 45821 | Shoals:4 | Offered knowledge of Poison Arrow by Vehumet.
 46583 | Shoals:4 | Identified the Compendium of Boosting Lightness
 46635 | Shoals:4 | Identified the Papyrus of the Vitriolic Birds
 47322 | Snake:4  | Reached skill level 17 in Spellcasting
 47927 | Snake:4  | Found Uratwuic's Gadget Shop.
 48750 | Snake:4  | Offered knowledge of Fire Storm by Vehumet.
 48750 | Snake:4  | Offered knowledge of Glaciate by Vehumet.
 48750 | Snake:4  | Offered knowledge of Chain Lightning by Vehumet.
 48923 | Snake:4  | Reached XP level 20. HP: 112/112 MP: 36/41
 49671 | Snake:4  | Got a serpentine rune of Zot
 49960 | Lair:2   | Learned a level 9 spell: Fire Storm
 50755 | Lair:5   | Got a shimmering quarterstaff
 50757 | Lair:5   | Got a smoking golden ring
 50766 | Lair:5   | Identified the +9 quarterstaff of the Immovable Hells
                  | {speed, rElec rN+ Str+8 Dex-2} (You found it on level 5 of
                  | the Lair of Beasts)
 50769 | Lair:5   | Identified the ring of Cottaal {MR+ Int+2 Dex+2 Slay+3}
                  | (You found it on level 5 of the Lair of Beasts)
 51064 | Elf:1    | Entered Level 1 of the Elven Halls
 51703 | Elf:1    | Found Tadway's Assorted Antiques.
 51730 | Elf:1    | Bought a scroll of identify for 76 gold pieces
 51730 | Elf:1    | Bought a steaming brass ring for 190 gold pieces
 51740 | Elf:1    | Identified the ring "Gonas" {rN+ MR- Int+7 Dex-2 SInv} (You
                  | bought it in a shop on level 1 of the Elven Halls)
 51745 | Elf:1    | Bought a heavily runed scale mail for 342 gold pieces
 51755 | Elf:1    | Identified the +5 scale mail "Deno" {rPois rC- MR+ Str+6}
                  | (You bought it in a shop on level 1 of the Elven Halls)
 52362 | Elf:2    | Noticed Saint Roka
 52367 | Elf:2    | Killed Saint Roka
 52643 | Elf:2    | Reached skill level 18 in Spellcasting
 53454 | Elf:2    | Found a portal to a secret trove of treasure.
 53915 | Elf:2    | Found a runed gate.
 53917 | Elf:2    | Found a runed gate.
 53918 | Elf:2    | Found a runed gate.
 54024 | Elf:2    | Reached XP level 21. HP: 118/118 MP: 21/43
 54900 | Elf:3    | Entered Level 3 of the Elven Halls
 56088 | Elf:3    | Reached skill level 15 in Conjurations
 56634 | Elf:3    | Got a scorched silver ring
 56635 | Elf:3    | Identified the ring of Music {Fire Int+4} (You took it off
                  | a deep elf death mage on level 3 of the Elven Halls)
 57427 | Elf:3    | Identified the Guide on Combat Magic and Orientation
 57497 | Elf:3    | Learned a level 2 spell: Blink
 57524 | Elf:3    | Got a transparent buckler
 57552 | Elf:3    | Identified the Compendium of Bewitching Moulding
 57554 | Elf:3    | Identified Sif Muna's Papyrus of the Shifting Snowflakes
 57763 | Lair:2   | Identified the -4 buckler "Heloghaoch" {Int+4 Slay+3} (You
                  | found it on level 3 of the Elven Halls)
 57988 | Elf:3    | Got a brightly glowing halberd {flame}
 57989 | Elf:3    | Identified the +2 halberd of Gluttony {flame, Str-2 Int+6}
                  | (You took it off a deep elf death mage on level 3 of the
                  | Elven Halls)
 58029 | Elf:3    | Got a distressingly furry ring mail
 58063 | Elf:3    | Got a translucent hand crossbow
 58110 | Elf:3    | Identified the +10 hand crossbow of Terra Nullius {penet,
                  | rPois rF++} (You found it on level 3 of the Elven Halls)
 58127 | Elf:3    | Identified the +4 ring mail "Agging" {rC+ rN+ SInv} (You
                  | found it on level 3 of the Elven Halls)
 58254 | Orc:2    | Bought a steaming scale mail for 288 gold pieces
 58264 | Orc:2    | Identified the cursed +1 scale mail of the Equator {rCorr}
                  | (You bought it in a shop on level 2 of the Orcish Mines)
 58516 | Vaults:1 | Entered Level 1 of the Vaults
 58825 | Vaults:1 | Reached XP level 22. HP: 125/125 MP: 13/44
 60971 | Vaults:2 | Found Gozag's Assorted Antiques.
 60977 | Vaults:2 | Found an opulent altar of Gozag.
 60981 | Vaults:2 | Found Gozag's Antique Weapon Boutique.
 60987 | Vaults:2 | Found Gozag's Antique Weapon Boutique.
 61441 | Vaults:2 | Found Pyos's Antique Weapon Shop.
 62795 | Vaults:3 | Found Moteeci's Magic Scroll Shoppe.
 63322 | Vaults:3 | Found a staircase to the Crypt.
 64279 | Vaults:3 | Reached XP level 23. HP: 129/129 MP: 45/45
 64694 | Vaults:4 | Noticed Mennas
 64698 | Vaults:4 | Killed Mennas
 66236 | Crypt:1  | Entered Level 1 of the Crypt
 66638 | Crypt:1  | Got a pair of distressingly furry boots
 66649 | Crypt:1  | Identified the +0 pair of boots of Ebi Wuob {Str+2 Stlth+}
                  | (You acquired it on level 1 of the Crypt)
 66953 | Crypt:1  | Found an ancient bone altar of Kikubaaqudgha.
 68067 | Crypt:2  | Reached skill level 19 in Spellcasting
 68218 | Crypt:2  | Reached skill level 1 in Long Blades
 68245 | Crypt:2  | Reached XP level 24. HP: 136/136 MP: 14/46
 68264 | Crypt:2  | Reached skill level 10 in Fighting
 68287 | Crypt:2  | Noticed Sojobo
 68445 | Crypt:2  | Found an ancient bone altar of Kikubaaqudgha.
 69192 | Crypt:2  | Killed Sojobo
 69440 | Crypt:3  | Entered Level 3 of the Crypt
 69790 | Crypt:3  | Noticed a curse toe
 70310 | Slime:1  | Entered Level 1 of the Pits of Slime
 70523 | Depths:1 | Entered Level 1 of the Depths
 70701 | Depths:1 | Found a gateway to a ziggurat.
 70706 | Depths:1 | Noticed Asterion
 70726 | Depths:1 | Killed Asterion
 71183 | Depths:1 | Found a gateway to Hell.
 71371 | Depths:1 | Found a glowing golden altar of the Shining One.
 71791 | Depths:1 | Reached skill level 15 in Dodging
 72104 | Depths:2 | Noticed a juggernaut
 72152 | Depths:2 | Found Ehietse's General Store.
 72387 | Depths:2 | Reached XP level 25. HP: 121/143 MP: 7/46
 72684 | Depths:2 | Found a transporter.
 72866 | Depths:1 | Found the +6 shillelagh "Devastator" {shatter}
 73031 | Depths:2 | Found a transporter.
 73689 | Depths:3 | Reached skill level 5 in Long Blades
 74298 | Depths:3 | Found a one-way gate leading to the halls of Pandemonium.
 74775 | Depths:3 | Found the +0 Maxwell's etheric cage {RegenMP+ *Contam rElec
                  | MP+4}
 74819 | Depths:3 | Got a fine ring mail
 74822 | Depths:3 | Identified the +4 ring mail of the Endless Expanse {Int+5
                  | SInv} (You found it on level 3 of the Depths)
 74855 | Depths:3 | Found an iron altar of Okawaru.
 74864 | Depths:3 | Found the +2 ratskin cloak {+Rats rPois rN+ Str-1 Int-1
                  | Dex+1}
 74882 | Depths:3 | Got a pair of polished boots
 74885 | Depths:3 | Identified the +0 pair of boots of the Teacher {rElec rC-
                  | Int+4 Dex+3} (You found it on level 3 of the Depths)
 74904 | Depths:3 | Got an iridescent broad axe
 74905 | Depths:3 | Identified the +2 broad axe "Yrumm" {speed, Str+6 Dex-3
                  | SInv Stlth+} (You found it on level 3 of the Depths)
 75662 | Lair:4   | Got a crystal short sword
 75663 | Lair:4   | Identified the +6 short sword of Venn {speed, rC+ Int+2
                  | SInv} (You found it on level 4 of the Lair of Beasts)
 76124 | Depths:3 | Found a sparkling altar of Nemelex Xobeh.
 76216 | Depths:4 | Reached skill level 20 in Spellcasting
 76846 | Depths:4 | Found Rofeuwn's Weapon Boutique.
 76847 | Depths:4 | Found Wumaheoss's General Store.
 76847 | Depths:4 | Found Fiyruck's Book Shop.
 77115 | Depths:4 | Found Hubul's Gadget Shop.
 77155 | Depths:4 | Reached skill level 10 in Armour
 78051 | Depths:4 | Found a corrupted altar of Lugonu.
 78051 | Depths:4 | Found a one-way gate to the infinite horrors of the Abyss.
 78129 | Depths:4 | Reached XP level 26. HP: 138/151 MP: 32/47
 78166 | Depths:5 | Entered Level 5 of the Depths
 79543 | Depths:5 | Found a gate to the Realm of Zot.
 80041 | Elf:2    | You paid a toll of +3 storm dragon scales to enter a
                  | treasure trove
 80042 | Trove    | Entered a treasure trove
 80045 | Trove    | Found the +9 sword of Zonguldrok {reap}
 80048 | Trove    | Got a smoking dagger
 80051 | Trove    | Got an encrusted dagger
 80055 | Trove    | Got an ichor-stained short sword
 80057 | Trove    | Got a scorched arbalest
 80060 | Trove    | Got a steaming quick blade
 80065 | Trove    | Got a pitted fustibalus
 80110 | Trove    | Identified the +7 dagger "Hydrabane" {pain, Str+6} (You
                  | found it in a treasure trove)
 80111 | Trove    | Identified the cursed +2 dagger "Uppuni" {drain, *Contam
                  | +Rage Int+4 Stlth+} (You found it in a treasure trove)
 80113 | Trove    | Identified the +12 short sword "Feiczir" {speed, rF+} (You
                  | found it in a treasure trove)
 80116 | Trove    | Identified the +1 arbalest "Dobluof" {flame, rElec rN+
                  | Str+4 Dex-3} (You found it in a treasure trove)
 80117 | Trove    | Identified the +8 quick blade "Hiloaf" {pierce, rPois rN+
                  | Dex+4} (You found it in a treasure trove)
 80118 | Trove    | Identified the +1 fustibalus of Uwkatear {venom, rPois rC-
                  | MP-9 Str+9} (You found it in a treasure trove)
 80603 | Depths:5 | Found a shimmering altar of Xom.
 82209 | Crypt:3  | Found a staircase to the Tomb.
 82311 | Crypt:3  | Killed a curse toe
 82463 | Crypt:3  | Got a wavering silver ring
 82464 | Crypt:3  | Identified the ring of Sira {+Blink rElec rN+ Str-3 Int+2}
                  | (You took it off a wight on level 3 of the Crypt)
 82563 | Crypt:3  | Got a sparkling glass ring
 82564 | Crypt:3  | Identified the ring of the Lich-sworn {rN+ Int+3} (You took
                  | it off a guardian mummy on level 3 of the Crypt)
 82633 | Crypt:3  | Noticed an ancient lich
 82649 | Crypt:3  | Killed an ancient lich
 82765 | Crypt:3  | Got a bloodstained quarterstaff
 82770 | Crypt:3  | Identified the +8 quarterstaff of Catwetep {pain, rF+ SInv}
                  | (You found it on level 3 of the Crypt)
 83191 | Lair:2   | Identified the +8 battleaxe "Buattyni" {flame, rElec MR+
                  | Dex+2} (You found it on level 6 of the Lair of Beasts)
 83344 | Slime:1  | Gained mutation: You are frail. (-10% HP) [a shining eye]
 83584 | Slime:2  | Gained mutation: You occasionally shout uncontrollably at
                  | your foes. [a shining eye]
 83640 | Slime:1  | Reached skill level 21 in Spellcasting
 85002 | Slime:4  | Reached XP level 27. HP: 116/141 MP: 31/48
 85374 | Slime:3  | Found a viscous altar of Jiyva.
 85800 | Slime:5  | Entered Level 5 of the Pits of Slime
 85981 | Slime:5  | Paralysed by a great orb of eyes for 5 turns
 85983 | Slime:5  | Noticed the Royal Jelly
 86179 | Slime:5  | Killed the Royal Jelly
 86235 | Slime:5  | Got a shimmering brass ring
 86259 | Slime:5  | Got a steaming robe
 86261 | Slime:5  | Got a slimy rune of Zot
 86354 | Slime:5  | Identified the Guide on Snow
 86376 | Slime:5  | Got a jewelled cloak
 86443 | Slime:5  | Identified the +1 robe of Pragmatism {rC++ Regen+ Int-4}
                  | (You found it on level 5 of the Pits of Slime)
 86444 | Slime:5  | Identified the +0 cloak of the Onion {Int+7 Dex-5} (You
                  | acquired it on level 5 of the Pits of Slime)
 86445 | Slime:5  | Identified the ring of Isirph {*Tele rC+ Str-3 SInv} (You
                  | found it on level 5 of the Pits of Slime)
 87190 | Lair:2   | Lost mutation: You are frail. (-10% HP) [potion of
                  | mutation]
 87190 | Lair:2   | Lost mutation: You occasionally shout uncontrollably at
                  | your foes. [potion of mutation]
 87190 | Lair:2   | Gained mutation: You have a pair of small antennae on your
                  | head. [potion of mutation]
 87190 | Lair:2   | Gained mutation: Your system is resistant to poisons.
                  | (rPois) [potion of mutation]
 87191 | Lair:2   | Lost mutation: You have a pair of small antennae on your
                  | head. [potion of mutation]
 87191 | Lair:2   | Gained mutation: Your flesh is heat resistant. (rF+)
                  | [potion of mutation]
 87191 | Lair:2   | Gained mutation: You are partially covered in iridescent
                  | scales. (AC +2) [potion of mutation]
 87433 | Vaults:5 | Entered Level 5 of the Vaults
 88202 | Vaults:5 | Got a fine great mace {venom}
 88906 | Vaults:5 | Identified the +0 great mace of the Candelabrum {venom,
                  | rElec Str+3 Dex+3} (You took it off a deep elf sorcerer on
                  | level 5 of the Vaults)
 88940 | Vaults:5 | Identified the Handbook of the Entourage and Augmentations
 88949 | Vaults:5 | Identified the Tome of Malediction and Changing
 89054 | Vaults:5 | Identified the +7 great mace of Unreason {flame, Str+2
                  | Int+4} (You took it off a deep elf knight on level 5 of the
                  | Vaults)
 89932 | Vaults:5 | Identified the Papyrus of Creative Shape Shifting
 90080 | Vaults:5 | Got a silver rune of Zot
 90360 | Vaults:5 | Got an ancient scale mail
 90362 | Vaults:5 | Got a faintly glowing silver amulet
 90363 | Vaults:5 | Got a fine short sword {antimagic}
 90429 | Vaults:5 | Identified the +11 short sword of Incongruity {antimagic,
                  | rPois rF+ rC+ Int+2} (You took it off a vault sentinel on
                  | level 5 of the Vaults)
 90430 | Vaults:5 | Identified the amulet "Iwoaq" {-Tele rElec rF++ Regen+}
                  | (You took it off a vault sentinel on level 5 of the Vaults)
 90431 | Vaults:5 | Identified the +6 scale mail of the Disturbing Cities
                  | {Str+4 SInv Stlth+} (You took it off an orc on level 5 of
                  | the Vaults)
 90985 | Vaults:5 | Got scorched fire dragon scales
 90994 | Vaults:5 | Got a clouded pewter ring
 91199 | Vaults:5 | Identified the Guide on the Frostbite and Clay
 91215 | Vaults:5 | Identified the cursed +0 fire dragon scales of Trog's
                  | Indignation {rElec rF++ rC- MR+ rCorr Dex-3} (You found it
                  | on level 5 of the Vaults)
 91226 | Vaults:5 | Identified the ring of Sejab {rN++ Str+4 Stlth-} (You found
                  | it on level 5 of the Vaults)
 91291 | Vaults:2 | Bought a dazzling war axe for 195 gold pieces
 91291 | Vaults:2 | Identified the +3 war axe "Earthworm" {flame, rPois Str+6
                  | Int+3 Stlth-} (You bought it in a shop on level 2 of the
                  | Vaults)
 91589 | Depths:2 | Killed a juggernaut
 91589 | Depths:2 | Reached skill level 10 in Evocations
 91636 | Depths:2 | Got a pair of scorched gloves
 91647 | Depths:2 | Identified the +2 pair of gloves of Dogmatism {rElec Str+4
                  | Dex-3} (You found it on level 2 of the Depths)
 91805 | Zot:1    | Entered Level 1 of the Realm of Zot
 91810 | Zot:1    | Got a warped bronze ring
 91811 | Zot:1    | Identified the ring "Mibbeataych" {Str-2 Int+5 Stlth+} (You
                  | found it on level 1 of the Realm of Zot)
 92997 | Zot:1    | Reached skill level 22 in Spellcasting
 94141 | Zot:2    | Noticed an orb of fire
 94145 | Zot:2    | Killed an orb of fire
 95187 | Zot:3    | Got a smoking ring mail
 95198 | Zot:3    | Identified the +1 ring mail of Entitlement {rC- Regen+
                  | Dex+4 SInv} (You found it on level 3 of the Realm of Zot)
 97247 | Zot:4    | Found a runed gate.
 97247 | Zot:4    | Found a runed gate.
 97247 | Zot:4    | Found a runed gate.
 97247 | Zot:4    | Noticed mojasp's ghost (legendary GrEE)
 97247 | Zot:4    | Noticed an ancient lich
 97433 | Zot:5    | Entered Level 5 of the Realm of Zot
 97451 | Zot:5    | Reached skill level 23 in Spellcasting
 97739 | Zot:5    | Noticed an ancient lich
 97744 | Zot:5    | Killed an ancient lich
 97958 | Zot:5    | Noticed an ancient lich
 97962 | Zot:5    | Killed an ancient lich
 98672 | Hell     | Entered the Vestibule of Hell
 98672 | Hell     | Noticed Geryon
 98680 | Hell     | Killed Geryon
 99176 | Hell     | Found a gateway to the decaying netherworld of Tartarus.
 99285 | Hell     | Found a gateway to the freezing wastes of Cocytus.
 99404 | Hell     | Found a gateway to the Iron City of Dis.
 99436 | Hell     | Found a gateway to the ashen valley of Gehenna.
 99615 | Coc:1    | Entered Level 1 of Cocytus
 99628 | Coc:1    | Reached skill level 10 in Shields
 99790 | Coc:1    | Noticed a shard shrike
 99791 | Coc:1    | Killed a shard shrike
100012 | Hell     | Learned a level 3 spell: Regeneration
100604 | Coc:3    | Reached skill level 1 in Earth Magic
100612 | Coc:3    | Reached skill level 1 in Transmutations
101444 | Coc:5    | Reached skill level 24 in Spellcasting
101605 | Coc:7    | Entered Level 7 of Cocytus
101946 | Tar:1    | Entered Level 1 of Tartarus
102863 | Pan      | Entered Pandemonium
102935 | Pan      | Learned a level 6 spell: Iron Shot
103337 | Pan      | Noticed Pessuumm the pandemonium lord
103340 | Pan      | Gained mutation: Your magical capacity is low. (-10% MP) [a
                  | neqoxec]
103342 | Pan      | Killed Pessuumm the pandemonium lord
104674 | Pan      | Noticed Lohoetudgh the pandemonium lord
104685 | Pan      | Killed Lohoetudgh the pandemonium lord
104904 | Pan      | Got a demonic rune of Zot
105336 | Pan      | Reached skill level 5 in Necromancy
105954 | Pan      | Found an exit through the horrors of the Abyss.
106086 | Pan      | Reached skill level 5 in Transmutations
106100 | Pan      | Noticed Tuter the pandemonium lord
106110 | Pan      | Reached skill level 5 in Earth Magic
106115 | Pan      | Killed Tuter the pandemonium lord
107750 | Pan      | Found an exit through the horrors of the Abyss.
108617 | Pan      | Reached skill level 15 in Evocations
110676 | Pan      | Found an exit through the horrors of the Abyss.
111399 | Pan      | Reached skill level 25 in Spellcasting
112365 | Pan      | Got a shimmering chain mail
112376 | Pan      | Identified the +1 chain mail "Xyefoob" {+Fly} (You acquired
                  | it in Pandemonium)
112500 | Pan      | Noticed Asolodasch the pandemonium lord
112859 | Pan      | Killed Asolodasch the pandemonium lord
113065 | Depths:3 | Escaped Pandemonium
113481 | Depths:4 | Voluntarily entered the Abyss.
113704 | Abyss:1  | Found an ancient bone altar of Kikubaaqudgha.
113983 | Abyss:3  | Got a sparkling ivory amulet
113984 | Abyss:3  | Identified the amulet of the Louse {Harm *Drain Int+4} (You
                  | found it on level 3 of the Abyss)
114249 | Abyss:3  | Paralysed by you for 5 turns
114274 | Abyss:3  | Identified the +2 ring mail "Pebabeo" {rElec rPois rF++
                  | Stlth-} (You found it on level 3 of the Abyss)
114353 | Abyss:3  | Reached skill level 26 in Spellcasting
114430 | Abyss:3  | Found a corrupted altar of Lugonu.
115001 | Abyss:3  | Paralysed by you for 4 turns
115213 | Depths:4 | Escaped the Abyss
115217 | Depths:4 | Voluntarily entered the Abyss.
115222 | Abyss:1  | Found a corrupted altar of Lugonu.
115262 | Abyss:1  | Gained mutation: Your body sometimes deteriorates upon
                  | taking damage. [a cacodemon]
115353 | Abyss:1  | Reached skill level 27 in Spellcasting
115382 | Depths:4 | Escaped the Abyss
115620 | Depths:4 | Voluntarily entered the Abyss.
115634 | Abyss:1  | Found a corrupted altar of Lugonu.
115696 | Abyss:1  | Noticed an ancient lich
115716 | Abyss:1  | Killed an ancient lich
115751 | Depths:4 | Escaped the Abyss
116025 | Depths:4 | Voluntarily entered the Abyss.
116507 | Abyss:3  | Found a sparkling altar of Nemelex Xobeh.
117216 | Abyss:3  | Found a burning altar of Makhleb.
117601 | Abyss:3  | Got a smoking cloak
117604 | Abyss:3  | Identified the +1 cloak "Wagait" {rPois rF+ rC- MP+9} (You
                  | found it on level 3 of the Abyss)
117847 | Depths:4 | Escaped the Abyss
118530 | Coc:4    | Noticed a shard shrike
118532 | Coc:4    | Killed a shard shrike
118770 | Coc:7    | Noticed a shard shrike
118770 | Coc:7    | Noticed a shard shrike
118770 | Coc:7    | Noticed a shard shrike
118771 | Coc:7    | Killed a shard shrike
118771 | Coc:7    | Killed a shard shrike
118771 | Coc:7    | Killed a shard shrike
118790 | Coc:7    | Noticed the Serpent of Hell
118800 | Coc:7    | Killed the Serpent of Hell
118914 | Coc:7    | Noticed a shard shrike
118917 | Coc:7    | Killed a shard shrike
118947 | Coc:7    | Learned a level 7 spell: Ring of Flames
119280 | Coc:7    | Noticed a shard shrike
119286 | Coc:7    | Killed a shard shrike
119487 | Coc:7    | Gained mutation: Your body often deteriorates upon taking
                  | damage. [mutagenic glow]
119803 | Coc:7    | Noticed Antaeus
119851 | Coc:7    | Killed Antaeus
119872 | Coc:7    | Noticed a shard shrike
119874 | Coc:7    | HP: 5/157 [shard shrike[the effects of Hell] (10)]
119911 | Coc:7    | Killed a shard shrike
119983 | Coc:7    | Got a translucent short sword {flame}
120004 | Coc:7    | Got an icy rune of Zot
120009 | Coc:7    | Identified the Almanac of Lucky Flight
120653 | Zot:5    | Noticed an ancient lich
120659 | Zot:5    | Killed an ancient lich
120697 | Zot:5    | Noticed an ancient lich
120705 | Zot:5    | Killed an ancient lich
120755 | Zot:5    | Noticed an orb of fire
120761 | Zot:5    | Gained mutation: You are weak. (Str -2) [an orb of fire]
120764 | Zot:5    | Gained mutation: Potions are less effective at restoring
                  | your health. [an orb of fire]
120765 | Zot:5    | Gained mutation: Your spells are a little easier to cast,
                  | but a little less powerful. [an orb of fire]
120767 | Zot:5    | Noticed an orb of fire
120768 | Zot:5    | Gained mutation: You are frail. (-10% HP) [an orb of fire]
120771 | Zot:5    | Killed an orb of fire
120790 | Zot:5    | HP: 2/141 [Orb Guardian (32)]
120791 | Zot:5    | Lost mutation: You are frail. (-10% HP) [a Zot trap]
121163 | Lair:2   | Lost mutation: You are weak. (Str -2) [potion of mutation]
121163 | Lair:2   | Lost mutation: Your body often deteriorates upon taking
                  | damage. [potion of mutation]
121163 | Lair:2   | Lost mutation: Your magical capacity is low. (-10% MP)
                  | [potion of mutation]
121163 | Lair:2   | Lost mutation: You are partially covered in iridescent
                  | scales. (AC +2) [potion of mutation]
121163 | Lair:2   | Gained mutation: Your movements are slightly less
                  | encumbered by armour. (ER -2) [potion of mutation]
121163 | Lair:2   | Gained mutation: You are surrounded by a mild repulsion
                  | field. (EV +2) [potion of mutation]
121164 | Lair:2   | Lost mutation: Your spells are a little easier to cast, but
                  | a little less powerful. [potion of mutation]
121164 | Lair:2   | Lost mutation: Your body sometimes deteriorates upon taking
                  | damage. [potion of mutation]
121164 | Lair:2   | Lost mutation: Your flesh is heat resistant. (rF+) [potion
                  | of mutation]
121164 | Lair:2   | Gained mutation: You are robust. (+10% HP) [potion of
                  | mutation]
121164 | Lair:2   | Lost mutation: Potions are less effective at restoring your
                  | health. [potion of mutation]
121164 | Lair:2   | Gained mutation: You expend magic power (3 MP) to
                  | strengthen your wands. [potion of mutation]
121168 | Lair:2   | Identified the +7 short sword "Ybluoj Dagao" {flame, rElec}
                  | (You took it off a skeletal warrior on level 7 of Cocytus)
121658 | Zot:5    | Killed an orb of fire
122656 | Zot:5    | Got the Orb of Zot
122673 | Zot:4    | Noticed Cuproterch the pandemonium lord
123172 | D:$      | Escaped with the Orb!

Skill      XL: |  1  2  3  4  5  6  7  8  9 10 11 12 13 14 15 16 17 18 19 20 21 22 23 24 25 26 27 |
---------------+----------------------------------------------------------------------------------+-----
Stealth        | 3 4 5 6 7 9 |  9.0
Fighting       | 1 2 3 4 5 6 7 8 9 10 11 12 | 12.0
Dodging        | 3 4 5 6 7 8 9 10 11 12 13 14 15 17 | 17.2
Conjurations   | 2 3 4 5 6 7 8 9 10 11 12 13 16 18 19 20 25 | 25.8
Spellcasting   | 3 4 5 6 8 9 10 11 12 14 15 16 17 18 19 20 21 27 | 27.0
Fire Magic     | 4 5 6 7 8 9 10 11 12 14 16 17 18 19 20 26 | 26.0
Necromancy     | 1 9 |  9.0
Short Blades   | 1 4 5 6 |  6.0
Evocations     | 1 3 4 5 6 8 9 19 | 19.4
Armour         | 3 4 5 6 7 8 9 10 13 | 13.2
Shields        | 4 5 6 7 13 | 13.0
Translocations | 1 3 4 6 |  6.0
Long Blades    | 1 4 5 6 9 |  9.6
Earth Magic    | 7 |  7.0
Transmutations | 9 |  9.0

Action                   |  1- 3 |  4- 6 |  7- 9 | 10-12 | 13-15 | 16-18 | 19-21 | 22-24 | 25-27 || total
-------------------------+-------+-------+-------+-------+-------+-------+-------+-------+-------++-------
Melee: Unarmed           |     5 |       |       |       |       |       |       |       |     1 ||     6
       Dagger            |    23 |    12 |   229 |   365 |   522 |   515 |   261 |    47 |       ||  1974
       War axe           |       |       |       |    53 |     1 |       |       |       |     1 ||    55
       Rapier            |       |       |       |       |       |     1 |       |       |       ||     1
       Eudemon blade     |       |       |       |       |       |       |       |   309 |  1710 ||  2019
       Short sword       |       |       |       |       |       |       |       |       |  1833 ||  1833
 Fire: Blowgun           |       |       |       |    52 |       |       |       |       |       ||    52
Throw: Throwing net      |       |       |       |       |       |     1 |       |       |       ||     1
 Cast: Flame Tongue      |    43 |    74 |    50 |    81 |    59 |    20 |       |       |       ||   327
       Sticky Flame      |       |     6 |    37 |    76 |   129 |    95 |    34 |    21 |    56 ||   454
       Animate Skeleton  |       |       |     7 |     7 |       |       |       |       |       ||    14
       Inner Flame       |       |       |     2 |     1 |       |       |       |       |       ||     3
       Fireball          |       |       |       |    24 |    76 |    46 |     6 |     2 |     3 ||   157
       Mephitic Cloud    |       |       |       |     1 |     5 |     4 |    15 |       |       ||    25
       Bolt of Fire      |       |       |       |       |    85 |   227 |   223 |   249 |   864 ||  1648
       Orb of Destructio |       |       |       |       |     7 |    14 |    76 |    57 |   350 ||   504
       Force Lance       |       |       |       |       |     2 |     9 |    19 |     9 |    53 ||    92
       Ignition          |       |       |       |       |       |    12 |    39 |    62 |   145 ||   258
       Fire Storm        |       |       |       |       |       |       |     7 |     6 |   359 ||   372
       Blink             |       |       |       |       |       |       |       |       |    23 ||    23
       Regeneration      |       |       |       |       |       |       |       |       |    75 ||    75
       Iron Shot         |       |       |       |       |       |       |       |       |    72 ||    72
       Ring of Flames    |       |       |       |       |       |       |       |       |     5 ||     5
Evoke: Wand              |       |       |     2 |     1 |    17 |     8 |    14 |    31 |    65 ||   138
       Phial of floods   |       |       |       |     1 |       |       |       |       |       ||     1
       Crystal ball of e |       |       |       |       |       |       |       |       |    80 ||    80
       Lamp of fire      |       |       |       |       |       |       |       |       |     2 ||     2
  Use: Potion            |       |     1 |       |     6 |     6 |     8 |     4 |     9 |    43 ||    77
       Scroll            |       |       |    14 |     7 |    23 |     7 |     8 |    13 |    59 ||   131
 Stab: Sleeping          |     5 |     1 |     8 |    11 |     1 |    10 |     5 |    15 |     2 ||    58
       Distracted        |       |       |       |     2 |       |       |       |       |     5 ||     7
       Invisible         |       |       |       |       |     2 |       |       |       |     2 ||     4
       Confused          |       |       |       |       |     3 |     2 |     1 |       |       ||     6
       Paralysed         |       |       |       |       |       |     1 |     1 |     2 |       ||     4
       Petrifying        |       |       |       |       |       |       |       |       |     1 ||     1
  Eat: Chunk             |     7 |    11 |    24 |    52 |    84 |    84 |    86 |    77 |   212 ||   637
       Ration            |       |       |       |       |       |     8 |     7 |     8 |    47 ||    70
Armor: Robe              |     5 |     6 |    18 |    33 |       |       |       |       |       ||    62
       Steam dragon scal |       |       |       |    46 |    73 |    69 |    47 |    19 |       ||   254
       Ring mail         |       |       |       |       |       |       |       |    51 |   531 ||   582
       Acid dragon scale |       |       |       |       |       |       |       |       |    14 ||    14
       Skin              |       |       |       |       |       |       |       |       |     9 ||     9
Dodge: Dodged            |    39 |    39 |   193 |   483 |   525 |   526 |   221 |   324 |  1972 ||  4322
Block: Buckler           |       |       |       |       |    74 |   287 |   115 |   190 |  2306 ||  2972
       Reflection        |       |       |       |       |    12 |    46 |    30 |    18 |    55 ||   161
       Rpst.: Eudemon blade |       |       |       |       |       |       |       |    59 |   211 ||   270
